 Dungeon Crawl Stone Soup version 0.21.1-1-g345015f (webtiles) character file.

14097 diana the Carver (level 11, -7/101 HPs)
             Began as a Minotaur Fighter on June 3, 2018.
             Was a Follower of Ru.
             Killed by divine providence
             ... invoked by a meliai
              (12 damage)
             ... on level 12 of the Dungeon.
             The game lasted 00:30:08 (11852 turns).

diana the Carver (Minotaur Fighter)                Turns: 11852, Time: 00:30:08

Health: -7/101     AC: 17    Str: 23    XL:     11   Next: 84%
Magic:  10/10      EV:  6    Int:  7    God:    Ru [*.....]
Gold:   523        SH: 12    Dex: 11    Spells: 10/10 levels left

rFire    . . .     SeeInvis .   a - +0 long sword
rCold    + . .     Gourm    .   c - +0 shield
rNeg     . . .     Faith    .   v - +0 plate armour {MR+}
rPois    .         Spirit   .   (helmet unavailable)
rElec    .         Reflect  .   q - +1 cloak
rCorr    .         Harm     .   (no gloves)
MR       +....                  (no boots)
Stlth    ..........             (no amulet)
HPRegen  0.26/turn              (no ring)
MPRegen  0.12/turn              A - ring of protection from cold

@: about to teleport, very slightly contaminated, invisible
A: retaliatory headbutt, horns 3, clever 1, mutation resistance 2, hated by all
a: Renounce Religion


You were on level 12 of the Dungeon.
You worshipped Ru.
Ru was aware of your devotion.
You were hungry.

You visited 2 branches of the dungeon, and saw 13 of its levels.

You collected 523 gold pieces.

Inventory:

Hand Weapons
 a - a +0 long sword (weapon)
Armour
 b - a +0 scale mail
 c - a +0 shield (worn)
 i - a +0 large shield
 q - a +1 cloak (worn)
 v - a +0 plate armour of magic resistance (worn)
Jewellery
 h - an uncursed amulet of faith
 A - a ring of protection from cold (right hand)
 E - the ring of Interdependent Arising {-Tele rPois EV+2 Dex+2 Stlth+}
   (You found it on level 6 of the Dungeon)

   [ring of evasion]

   It affects your evasion (+2).
   It affects your dexterity (+2).
   It protects you from poison.
   It prevents most forms of teleportation.
   It makes you more stealthy.
Wands
 d - a wand of flame (12)
 j - a wand of acid (9)
 m - a wand of random effects (80)
 y - a wand of paralysis (23)
 H - a wand of scattershot (6)
Scrolls
 e - 10 scrolls of remove curse
 l - a scroll of teleportation
 n - 5 scrolls of enchant weapon
 o - 2 scrolls of amnesia
 p - 3 scrolls of enchant armour
 s - a scroll of fear
 u - 3 scrolls of identify
 z - a scroll of fog
 D - a scroll of vulnerability {unknown}
 F - a scroll of immolation {unknown}
Potions
 k - a potion of agility
 r - a potion of invisibility
 t - a potion of cancellation
 w - a potion of curing {unknown}
 B - a potion of ambrosia {unknown}
 C - a potion of heal wounds {unknown}
Books
 g - a book of Geomancy

   Spells                             Type                      Level
   a - Sandblast                      Earth                        1
   b - Passwall                       Transmutation/Earth          2
   c - Stone Arrow                    Conjuration/Earth            3
   d - Petrify                        Transmutation/Earth          4
   e - Lee's Rapid Deconstruction     Earth                        5
 x - a book of Minor Magic

   Spells                             Type                      Level
   a - Magic Dart                     Conjuration                  1
   b - Blink                          Translocation                2
   c - Call Imp                       Summoning                    2
   d - Slow                           Hexes                        2
   e - Conjure Flame                  Conjuration/Fire             3
   f - Mephitic Cloud                 Conjuration/Poison/Air       3
Comestibles
 f - 14 rations


   Skills:
 + Level 10.9 Fighting
 * Level 14.2 Long Blades
 + Level 10.9 Armour
 + Level 10.9 Shields


You had 10 spell levels left.
You didn't know any spells.

Dungeon Overview and Level Annotations

Branches:
Dungeon (12/15)            Temple (1/1) D:5            Lair (0/6) D:9
    Orc (0/2) D:10

Altars:
Ashenzari
Cheibriados
Dithmenos
Elyvilon
Fedhas
Gozag
Hepliaklqana
Kikubaaqudgha
Makhleb
Nemelex Xobeh
Okawaru
Qazlal
Ru
Sif Muna
Trog
Uskayaw
Vehumet
Wu Jian
Xom
Yredelemnul
Zin
The Shining One

Shops:
D:4 !   D:5 %(

Annotations:
D:11 Monsterracer's ghost, novice DDFi


Innate Abilities, Weirdness & Mutations

You reflexively headbutt those who attack you in melee.
You have a pair of large horns on your head.
You are hated by all.
Your mind is acute. (Int +2)
You are somewhat resistant to both further mutation and mutation removal.


Message History

You're already wearing that object!
You remove the ring of Interdependent Arising {-Tele rPois EV+2 Dex+2 Stlth+}.
The slime creature quivers.
As you read the scroll of teleportation, it crumbles to dust.
You feel strangely unstable.
The slime creature quivers.
The meliai hits you with a hand axe.
* * * LOW HITPOINT WARNING * * *
The meliai stings you but does no damage.
You block the meliai's attack.
The meliai stings you but does no damage.
A slime creature comes into view.
The slime creature quivers. x2
The meliai barely misses you. You furiously retaliate!
You headbutt the meliai!! The meliai stings you!
* * * LOW HITPOINT WARNING * * *
The meliai buzzes angrily.
The meliai invokes the aid of its god against you.
Something smites you!
You die...

... ..# #.# ####.#
#....# #....##
#####.....#
...(......#
#####...#@######JJ.
..........yJ......
...........##.#####
.#≈≈≈#####.# #
.≈≈≈≈ #.# .#≈≈. ..#
##≈ ..y ..#. .. .


You could see a slime creature and 2 meliai.

Vanquished Creatures
  The ghost of fly the Blocker, a journeyman OpEE of Qazlal (D:9)
  2 two-headed ogres
  The ghost of MordorOrchid the Spear-Bearer, a novice NaFi of Cheibriados (D:8)
  The ghost of Scuka the Carver, a novice BaFi of Cheibriados (D:7)
  4 ugly things (D:11)
  A deep elf mage (D:12)
  Maurice (D:10)
  A freezing wraith (D:12)
  A hornet (D:8)
  A troll (D:9)
  Prince Ribbit (D:8)
  The ghost of MordorOrchid the Insei, an amateur DsGl (D:4)
  A vampire (D:10)
  11 yaks
  A hungry ghost (D:8)
  Edmund (D:5)
  2 water moccasins
  5 ice beasts
  2 orc warriors
  5 sky beasts
  The ghost of Iko the Ruffian, an amateur TrTm of Cheibriados (D:6)
  2 phantoms
  2 black bears
  4 ogres
  A wolf (D:9)
  3 centaurs
  Blork the orc (D:5)
  10 bullfrogs
  A wyvern zombie (D:7)
  A water moccasin zombie (D:8)
  4 scorpions
  5 killer bees (D:10)
  5 howler monkeys
  2 electric eels (D:9)
  4 crimson imps
  4 centaur zombies
  A quasit (D:8)
  5 jellies
  3 bullfrog skeletons
  2 orc priests
  Crazy Yiuf (D:2)
  8 hounds
  10 orc wizards
  Ijyb (D:5)
  An iguana (D:7)
  8 worker ants
  A hound zombie (D:6)
  A hound skeleton (D:8)
  A worker ant zombie (D:10)
  4 gnolls (D:7)
  2 howler monkey skeletons
  A river rat (D:6)
  11 adders
  A shadow imp (D:8)
  6 oozes
  3 adder skeletons
  7 worms
  4 dart slugs
  9 leopard geckos
  27 orcs
  6 giant cockroaches
  6 goblins
  5 hobgoblins
  13 jackals
  9 kobolds
  8 quokkas
  2 ball pythons
  5 bats
  A frilled lizard (D:3)
  A jackal skeleton (D:4)
  A leopard gecko skeleton (D:6)
  11 rats
280 creatures vanquished.

Notes
Turn   | Place    | Note
-------+----------+-------------------------------------------
     0 | D:1      | diana the Minotaur Fighter began the quest for the Orb.
     0 | D:1      | Reached XP level 1. HP: 19/19 MP: 0/0
   101 | D:1      | Reached XP level 2. HP: 24/27 MP: 1/1
   208 | D:1      | Reached skill level 3 in Long Blades
   619 | D:2      | Reached XP level 3. HP: 25/33 MP: 2/2
   625 | D:2      | Found an ancient bone altar of Kikubaaqudgha.
   695 | D:2      | Found a shimmering altar of Xom.
   875 | D:2      | Reached XP level 4. HP: 40/40 MP: 3/3
   919 | D:2      | Reached skill level 4 in Long Blades
  1074 | D:2      | Found a runed door.
  1317 | D:2      | Noticed Crazy Yiuf
  1323 | D:2      | Killed Crazy Yiuf
  1323 | D:2      | Reached XP level 5. HP: 24/47 MP: 4/4
  2232 | D:3      | Reached skill level 5 in Long Blades
  2237 | D:3      | Reached XP level 6. HP: 48/55 MP: 5/5
  2252 | D:3      | Reached skill level 5 in Fighting
  2509 | D:4      | Reached skill level 5 in Shields
  2547 | D:4      | Reached skill level 5 in Armour
  2585 | D:4      | Noticed MordorOrchid's ghost (amateur DsGl)
  2597 | D:4      | Killed MordorOrchid's ghost
  2597 | D:4      | Reached skill level 6 in Long Blades
  2597 | D:4      | Reached XP level 7. HP: 19/61 MP: 6/6
  3091 | D:4      | Reached skill level 7 in Long Blades
  3123 | D:4      | Found a sparkling altar of Nemelex Xobeh.
  3289 | D:4      | Reached XP level 8. HP: 60/70 MP: 7/7
  3328 | D:4      | Found a glowing golden altar of the Shining One.
  3420 | D:4      | Found Jarebluc's Distillery.
  3471 | D:5      | Entered Level 5 of the Dungeon
  3533 | D:5      | Noticed Ijyb
  3541 | D:5      | Killed Ijyb
  3685 | D:5      | Found Keschy's Food Boutique.
  3692 | D:5      | Noticed Blork the orc
  3702 | D:5      | Killed Blork the orc
  3740 | D:5      | Found a staircase to the Ecumenical Temple.
  3967 | Temple   | Entered the Ecumenical Temple
  3999 | Temple   | Became a worshipper of Ru the Awakened
  4096 | D:5      | Found a blossoming altar of Fedhas.
  4110 | D:5      | Found Etwyer Peba's Antique Weapon Shoppe.
  4119 | D:5      | Found a shattered altar of Ashenzari.
  4307 | D:5      | Noticed Edmund
  4320 | D:5      | Killed Edmund
  4348 | D:5      | Reached skill level 8 in Long Blades
  4666 | D:6      | Noticed Iko's ghost (amateur TrTm)
  4676 | D:6      | Killed Iko's ghost
  4788 | D:6      | Reached skill level 9 in Long Blades
  4817 | D:6      | Gained mutation: You are hated by all. [Ru sacrifice]
  4817 | D:6      | Reached * piety under Ru
  4966 | D:6      | Got a smoking silver ring
  5154 | D:6      | Reached XP level 9. HP: 79/79 MP: 8/8
  5883 | D:7      | Identified the ring of Interdependent Arising {-Tele rPois EV+2 Dex+2 Stlth+} (You found it on level 6 of the Dungeon)
  5931 | D:7      | Noticed Scuka's ghost (novice BaFi)
  5969 | D:7      | Killed Scuka's ghost
  5969 | D:7      | Reached skill level 10 in Long Blades
  6816 | D:8      | Reached skill level 11 in Long Blades
  6817 | D:8      | Noticed Prince Ribbit
  6834 | D:8      | Reached XP level 10. HP: 29/90 MP: 9/9
  6877 | D:8      | Killed Prince Ribbit
  7034 | D:8      | Noticed a two-headed ogre
  7325 | D:8      | Found a hazy altar of Hepliaklqana.
  7336 | D:8      | Paralysed by a hornet for 2 turns
  7845 | D:8      | Noticed MordorOrchid's ghost (novice NaFi)
  8034 | D:8      | Gained mutation: You are somewhat resistant to further mutation. [potion of mutation]
  8034 | D:8      | Gained mutation: Your mind is acute. (Int +2) [potion of mutation]
  8034 | D:8      | Gained mutation: You are somewhat resistant to both further mutation and mutation removal. [potion of mutation]
  8034 | D:8      | Gained mutation: You have a pair of large horns on your head. [potion of mutation]
  8041 | D:8      | Killed a two-headed ogre
  8170 | D:8      | Killed MordorOrchid's ghost
  8170 | D:8      | Reached skill level 12 in Long Blades
  8233 | D:9      | Noticed a dagger
  8234 | D:9      | Noticed a dagger
  8251 | D:9      | Found a hide-covered altar of Uskayaw.
  8252 | D:9      | Noticed fly's ghost (journeyman OpEE)
  9003 | D:9      | Reached XP level 11. HP: 48/99 MP: 10/10
  9398 | D:9      | Killed fly's ghost
  9790 | D:9      | Found a staircase to the Lair.
  9975 | D:10     | Entered Level 10 of the Dungeon
  9975 | D:10     | Found a staircase to the Orcish Mines.
  9978 | D:10     | Reached skill level 10 in Armour
  9981 | D:10     | Reached skill level 10 in Fighting
  9993 | D:10     | Reached skill level 10 in Shields
 10057 | D:10     | Reached skill level 13 in Long Blades
 10067 | D:10     | Noticed a two-headed ogre
 10330 | D:10     | Noticed Maurice
 10353 | D:10     | Killed Maurice
 10573 | D:10     | Killed a two-headed ogre
 10704 | D:11     | Noticed a green ugly thing
 10721 | D:11     | Killed a green ugly thing
 10747 | D:11     | Noticed a white ugly thing
 10762 | D:11     | Killed a white ugly thing
 10794 | D:11     | Noticed a brown ugly thing
 10806 | D:11     | Killed a brown ugly thing
 11031 | D:11     | Noticed a brown ugly thing
 11044 | D:11     | Killed a brown ugly thing
 11422 | D:11     | Reached skill level 14 in Long Blades
 11774 | D:11     | Noticed Monsterracer's ghost (novice DDFi)
 11842 | D:12     | Noticed a deep elf mage
 11846 | D:12     | Killed a deep elf mage
 11851 | D:12     | HP: 5/101 [meliai/hand axe (7)]
 11852 | D:12     | Killed from afar by a meliai

Skill      XL: |  1  2  3  4  5  6  7  8  9 10 11 |
---------------+----------------------------------+-----
Long Blades    | 3 4 5 6 7 9 11 12 14 | 14.2
Shields        | 4 5 6 7 8 9 10 | 10.9
Fighting       | 4 5 6 7 8 9 10 | 10.9
Armour         | 4 5 6 7 8 9 10 | 10.9

Action                   |  1- 3 |  4- 6 |  7- 9 | 10-12 || total
-------------------------+-------+-------+-------+-------++-------
Melee: Long sword        |    96 |   142 |   394 |   501 ||  1133
       Headbutt          |    18 |    25 |   100 |   134 ||   277
Invok: Sacrifice Love    |       |       |     1 |       ||     1
       Reject Sacrifices |       |       |       |     1 ||     1
Evoke: Wand              |       |       |       |     2 ||     2
  Use: Potion            |       |       |     3 |     7 ||    10
       Scroll            |       |       |    12 |     7 ||    19
 Stab: Invisible         |       |       |       |     2 ||     2
  Eat: Chunk             |       |     5 |     8 |     3 ||    16
       Ration            |       |       |     2 |     4 ||     6
Armor: Scale mail        |    47 |    55 |   161 |     9 ||   272
       Plate armour      |       |       |       |   148 ||   148
Dodge: Dodged            |    28 |    28 |   114 |   106 ||   276
Block: Shield            |    48 |    69 |   184 |   211 ||   512
       Rpst.: Long sword |     6 |     8 |    42 |    27 ||    83
